 Dungeon Crawl Stone Soup version 0.26-a0-778-g3fe0686644 (webtiles) character file.

Game seed: 12382135795269827775

14744 robertstho the Frost Mage (level 12, -15/91 HPs)
             Began as a Gnoll Ice Elementalist on Nov 10, 2020.
             Was an Elder of Sif Muna.
             Demolished by a boulder beetle (55 damage)
             ... on level 12 of the Dungeon.
             The game lasted 00:44:05 (15589 turns).

robertstho the Frost Mage (Gnoll Ice Elementalist) Turns: 15589, Time: 00:44:06

Health: -15/91     AC: 12    Str: 11    XL:     12   Next: 19%
Magic:  9/24       EV: 16    Int: 26    God:    Sif Muna [****..]
Gold:   688        SH:  0    Dex: 18    Spells: 12/28 levels left

rFire    + . .     SeeInvis .   D - +5 mace of the Ecumenical Temple {speed, Fragile +Inv MR+ Dex+3}
rCold    + . .     Faith    .   (no shield)
rNeg     . . .     Spirit   .   m - +2 ring mail of Noucze Muopn {rC+ Int+3}
rPois    .         Reflect  .   l - +1 helmet
rElec    .         Harm     .   I - scarf {shadows}
rCorr    .         Rampage  .   (no gloves)
MR       +....                  v - +0 pair of boots
Stlth    +++.......             U - amulet of the acrobat
HPRegen  0.25/turn              O - ring of wizardry
MPRegen  0.19/turn              r - ring of protection from fire

@: berserk cooldown, slowed, very slow
A: distributed training, fangs 1, strong nose
a: Channel Magic, Forget Spell, Divine Exegesis, Renounce Religion, Evoke
Invisibility


You were on level 12 of the Dungeon.
You worshipped Sif Muna.
Sif Muna was greatly pleased with you.
You visited 2 branches of the dungeon, and saw 13 of its levels.
You also visited: Bailey.

You collected 1325 gold pieces.
You spent 637 gold pieces at shops.

Inventory:

Hand Weapons
 a - a +0 hunting sling of flaming
 b - a +1 dagger
 y - a +0 glaive
 D - the +5 mace of the Ecumenical Temple (weapon) {speed, Fragile +Inv MR+ Dex+3}
   (You found it on level 7 of the Dungeon)

   Attacks with this weapon are significantly faster.
   It affects your dexterity (+3).
   It affects your resistance to hostile enchantments.
   It lets you turn invisible.
   It will be destroyed if unequipped.
 W - a +3 vampiric hand axe
Missiles
 d - 269 stones (quivered)
 n - 78 sling bullets
 x - 10 throwing nets
 P - 43 poisoned darts
Armour
 c - a +0 robe
 l - a +1 helmet (worn)
 m - the +2 ring mail of Noucze Muopn (worn) {rC+ Int+3}
   (You found it in a bailey)

   It affects your intelligence (+3).
   It protects you from cold.
 q - a +2 robe of positive energy
 v - a +0 pair of boots (worn)
 F - a +0 leather armour of magic resistance
 I - a scarf of shadows (worn)
 S - a scarf of invisibility
Magical Staves
 V - an uncursed staff of cold {unknown}
Jewellery
 i - an uncursed ring of see invisible
 r - a ring of protection from fire (right hand)
 u - an uncursed ring of flight
 H - an uncursed ring of protection from magic
 O - a ring of wizardry (left hand)
 U - an amulet of the acrobat (around neck)
Wands
 k - a wand of enslavement (5)
 L - a wand of flame (17)
 Q - a wand of polymorph (26)
 T - a wand of acid (6)
Scrolls
 f - 3 scrolls of enchant armour
 g - 2 scrolls of remove curse
 w - 2 scrolls of enchant weapon
 B - 5 scrolls of fear {unknown}
 C - 2 scrolls of immolation {unknown}
 E - 4 scrolls of blinking
 G - 6 scrolls of teleportation
Potions
 e - 2 potions of mutation
 h - 4 potions of haste
 j - 9 potions of curing
 o - 2 potions of lignification
 p - 8 potions of attraction
 s - 2 potions of cancellation
 t - 2 potions of ambrosia
 z - a potion of might
 A - 2 potions of brilliance
 K - 3 potions of resistance
 R - a potion of berserk rage
 Y - a potion of invisibility
 Z - 2 potions of flight
Miscellaneous
 X - a phantom mirror (inert)


   Skills:
 + Level 7.0 Fighting
 + Level 7.0 Short Blades
 + Level 7.0 Long Blades
 + Level 7.0 Axes
 + Level 7.0 Maces & Flails
 + Level 7.0 Polearms
 + Level 7.0 Staves
 + Level 7.0 Slings
 + Level 7.0 Bows
 + Level 7.0 Crossbows
 + Level 7.0 Throwing
 + Level 7.0 Armour
 + Level 8.5 Dodging
 + Level 8.3 Stealth
 + Level 7.0 Shields
 + Level 7.0 Unarmed Combat
 + Level 8.7 Spellcasting
 + Level 5.8 Conjurations
 + Level 5.8 Hexes
 + Level 5.8 Summonings
 + Level 5.8 Necromancy
 + Level 5.8 Translocations
 + Level 5.8 Transmutations
 + Level 5.8 Fire Magic
 + Level 9.3 Ice Magic
 + Level 5.8 Air Magic
 + Level 5.8 Earth Magic
 + Level 5.8 Poison Magic
 + Level 7.7 Invocations
 + Level 7.0 Evocations


You had 12 spell levels left.
You knew the following spells:

 Your Spells              Type           Power        Failure   Level
a - Freeze                Ice            ####         1%          1
b - Frozen Ramparts       Ice            ####..       1%          3
c - Ozocubu's Armour      Ice            ####....     1%          3
d - Hailstorm             Conj/Ice       ####....     1%          4
e - Summon Ice Beast      Ice/Summ       ####....     1%          4
f - Apportation           Tloc           ###...       1%          1

Your spell library contained the following spells:

 Spells                   Type           Power        Failure   Level
 Animate Skeleton         Necr           ###...       1%          1
 Corona                   Hex            ###....      1%          1
 Summon Small Mammal      Summ           ###.         1%          1
 Corpse Rot               Necr/Air       N/A          1%          2
 Poisonous Vapours        Pois/Air       ###...       1%          2
 Swiftness                Air            ###.....     1%          2
 Lesser Beckoning         Tloc           ###.......   1%          3
 Tukima's Dance           Hex            ###.....     1%          3
 Sticky Flame             Conj/Fire      ###.....     4%          4
 Alistair's Intoxication  Tmut/Pois      ###......    12%         5
 Invisibility             Hex            ###.....     50%         6
 Starburst                Conj/Fire      ###.......   50%         6


Dungeon Overview and Level Annotations

Branches:
Dungeon (12/15)            Temple (1/1) D:4            Lair (0/6) D:11
    Orc (0/2) D:11         Bailey (visited)

Altars:
Dithmenos
Elyvilon
Fedhas
Hepliaklqana
Kikubaaqudgha
Okawaru
Qazlal
Ru
Sif Muna
Trog
Uskayaw
Wu Jian
Xom
Yredelemnul
Zin
The Shining One

Shops:
D:4 (   D:8 [   D:11 *

Annotations:
D:4 2 transporters 838 sword, Sun's ghost, amateur OpTm
D:5 2 runed translucent doors, Talea's ghost, novice DsAK
D:12 1 runed translucent door


Innate Abilities, Weirdness & Mutations

Your experience applies equally to all skills.
You have very sharp teeth.
Your uncanny sense of smell can sniff out nearby items.


Message History

Your ice beast hits the boulder beetle but does no damage. x2
The boulder beetle bites your ice beast!!
Your ice beast dies!
Casting: Summon Ice Beast (mildly dangerous; 1% risk of failure)
Confirm with . or Enter, or press ? or * to list all spells.
You feel a numb sensation. A chill wind blows around you.
Your ice beast disappears in a puff of smoke!
The boulder beetle curls into a ball and begins rolling!
Unknown command.
Casting: Summon Ice Beast (mildly dangerous; 1% risk of failure)
Confirm with . or Enter, or press ? or * to list all spells.
You feel a numb sensation.
A cannonade of hail descends around you!
Your ice beast is unaffected. x2; The hail pelts the boulder beetle.
The boulder beetle is almost dead.
Your ice beast disappears in a puff of smoke!
Your ice beast hits the boulder beetle but does no damage.
The boulder beetle hits you!!!
Ouch! That really hurt!
You die...

..[.# ###.# ....##
##...## #....###
###.....##
####...####........##
###..............#
#####......§○..#
#.......○...#
#.#....YB...#
#########.......@Y..#
.)....>.......(.....##
#########.#............
#.#.........###+
###.#.........# .s
#..>..........# #
#....#........#
#....##.....#.# #....
#######.#


You could see a boulder beetle and 2 friendly ice beasts.

Vanquished Creatures
  A hydra (D:8)
  A two-headed ogre (D:9)
  2 death yaks (D:11)
  Nergalle (D:11)
  An unseen horror (D:11)
  Psyche (D:8)
  3 gargoyles (D:9)
  A slime creature (D:8)
  Sigmund (D:6)
  Grum (D:8)
  A yak (D:10)
  A water moccasin (D:9)
  3 nameless horrors
  2 sky beasts (D:5)
  8 orc warriors
  A phantom (D:10)
  A necrophage (D:8)
  4 centaurs
  6 ogres
  3 wolves (D:8)
  A big kobold (D:7)
  3 bullfrogs
  7 gnoll sergeants (Bailey)
  A water moccasin zombie (D:8)
  3 scorpions
  A water moccasin skeleton (D:7)
  14 killer bees
  2 wights (D:11)
  A howler monkey (D:4)
  A jelly (D:9)
  A quasit (D:11)
  8 hounds
  A bullfrog skeleton (D:10)
  2 gnoll shamans (Bailey)
  7 orc priests
  2 iguanas
  18 orc wizards
  2 hell rats (D:11)
  6 worker ants
  A hound skeleton (D:7)
  A hound zombie (D:5)
  A worker ant zombie (D:10)
  14 gnolls
  13 adders
  A river rat (D:11)
  A shadow imp (D:8)
  5 white imps
  An ufetubus (D:9)
  2 oozes
  2 adder zombies
  5 worms
  A dart slug (D:3)
  8 leopard geckos
  52 orcs
  8 giant cockroaches
  7 goblins
  11 hobgoblins
  10 jackals
  22 kobolds
  6 quokkas
  A ball python (D:3)
  10 bats
  7 frilled lizards
  A jackal zombie (D:8)
  A leopard gecko zombie (D:6)
  9 rats
325 creatures vanquished.

Vanquished Creatures (collateral kills)
  Gastronok (D:8)
  A centaur warrior (D:8)
  A death yak (D:11)
  An ugly thing (D:11)
  A cyclops (D:11)
  2 gargoyles (D:9)
  Prince Ribbit (D:11)
  A wraith (D:12)
  2 yaks (D:10)
  A sky beast (D:8)
  2 orc warriors (D:11)
  An eye of draining (D:11)
  An ice beast (D:11)
  An ogre (D:11)
  A centaur (D:8)
  A nameless horror (Bailey)
  A gnoll sergeant (Bailey)
  3 killer bees
  2 wights
  2 orc priests (D:11)
  4 gnoll shamans (Bailey)
  A worker ant (D:11)
  A human simulacrum (D:10)
  4 gnolls (Bailey)
  A white imp (D:8)
38 creatures vanquished.

Vanquished Creatures (others)
  A human simulacrum (D:10)
  6 plants (D:1)
7 creatures vanquished.

Grand Total: 370 creatures vanquished

Notes
Turn   | Place    | Note
-------+----------+-------------------------------------------
     0 | D:1      | robertstho the Gnoll Ice Elementalist began the quest for
                  | the Orb.
     0 | D:1      | Reached XP level 1. HP: 13/13 MP: 6/6
    81 | D:1      | Reached XP level 2. HP: 19/19 MP: 7/7
   389 | D:1      | Reached XP level 3. HP: 12/25 MP: 5/9
   568 | D:1      | Learned a level 3 spell: Frozen Ramparts
   572 | D:1      | Learned a level 3 spell: Ozocubu's Armour
   649 | D:1      | Reached skill level 5 in Spellcasting
  1198 | D:2      | Reached skill level 1 in Invocations
  1275 | D:2      | Reached skill level 1 in Fighting
  1275 | D:2      | Reached skill level 1 in Short Blades
  1275 | D:2      | Reached skill level 1 in Long Blades
  1275 | D:2      | Reached skill level 1 in Axes
  1275 | D:2      | Reached skill level 1 in Maces & Flails
  1275 | D:2      | Reached skill level 1 in Polearms
  1275 | D:2      | Reached skill level 1 in Staves
  1275 | D:2      | Reached skill level 1 in Slings
  1275 | D:2      | Reached skill level 1 in Bows
  1275 | D:2      | Reached skill level 1 in Crossbows
  1275 | D:2      | Reached skill level 1 in Throwing
  1275 | D:2      | Reached skill level 1 in Armour
  1275 | D:2      | Reached skill level 1 in Shields
  1275 | D:2      | Reached skill level 1 in Unarmed Combat
  1275 | D:2      | Reached skill level 1 in Evocations
  1432 | D:2      | Reached XP level 4. HP: 32/32 MP: 11/11
  2297 | D:3      | Reached skill level 1 in Conjurations
  2297 | D:3      | Reached skill level 1 in Hexes
  2297 | D:3      | Reached skill level 1 in Summonings
  2297 | D:3      | Reached skill level 1 in Necromancy
  2297 | D:3      | Reached skill level 1 in Translocations
  2297 | D:3      | Reached skill level 1 in Transmutations
  2297 | D:3      | Reached skill level 1 in Fire Magic
  2297 | D:3      | Reached skill level 1 in Air Magic
  2297 | D:3      | Reached skill level 1 in Earth Magic
  2297 | D:3      | Reached skill level 1 in Poison Magic
  2734 | D:3      | Reached XP level 5. HP: 28/37 MP: 12/12
  2855 | D:3      | Found a faded altar of an unknown god.
  2910 | D:3      | Noticed an ogre
  2917 | D:3      | Killed an ogre
  3135 | D:4      | Learned a level 4 spell: Hailstorm
  3421 | D:4      | Found a transporter.
  3452 | D:4      | Found Foklil's Weapon Shoppe.
  3501 | D:4      | Reached XP level 6. HP: 19/44 MP: 8/13
  3734 | D:4      | Reached skill level 5 in Dodging
  3830 | D:4      | Found a staircase to the Ecumenical Temple.
  3888 | D:4      | Found a transporter.
  3888 | D:4      | Noticed Sun's ghost (amateur OpTm)
  3919 | Temple   | Entered the Ecumenical Temple
  3959 | Temple   | Became a worshipper of Sif Muna the Loreminder
  4057 | D:5      | Entered Level 5 of the Dungeon
  4157 | D:5      | Noticed a sky beast
  4166 | D:5      | Killed a sky beast
  4166 | D:5      | Reached XP level 7. HP: 32/50 MP: 11/15
  4563 | D:5      | Found a runed translucent door.
  4568 | D:5      | Noticed Talea's ghost (novice DsAK)
  4588 | D:5      | Found a runed translucent door.
  4669 | D:5      | Reached skill level 5 in Stealth
  5042 | D:5      | Reached * piety under Sif Muna
  5044 | D:5      | Reached XP level 8. HP: 57/57 MP: 12/16
  5275 | D:6      | Noticed Sigmund
  5286 | D:6      | Killed Sigmund
  5305 | D:6      | Learned a level 4 spell: Summon Ice Beast
  5307 | D:6      | Learned a level 1 spell: Apportation
  6469 | D:7      | Reached ** piety under Sif Muna
  6469 | D:7      | Reached XP level 9. HP: 18/65 MP: 3/18
  6762 | D:7      | Found a flagged portal.
  6770 | Bailey   | Entered a bailey
  7539 | Bailey   | Reached skill level 8 in Ice Magic
  8038 | Bailey   | Got a transparent ring mail
  8048 | Bailey   | Identified the +2 ring mail of Noucze Muopn {rC+ Int+3}
                  | (You found it in a bailey)
  8289 | D:7      | Found a sacrificial altar of Ru.
  8554 | D:7      | Found a white marble altar of Elyvilon.
  8557 | D:7      | Got a warped mace
  8557 | D:7      | Identified the +5 mace of the Ecumenical Temple {speed,
                  | Fragile +Inv MR+ Dex+3} (You found it on level 7 of the
                  | Dungeon)
  8817 | D:8      | Reached skill level 5 in Invocations
  8900 | D:8      | Noticed Grum
  8939 | D:8      | Reached *** piety under Sif Muna
  8946 | D:8      | Reached XP level 10. HP: 47/73 MP: 13/20
  8952 | D:8      | Found a hide-covered altar of Uskayaw.
  8979 | D:8      | Killed Grum
  8979 | D:8      | Reached skill level 5 in Fighting
  8979 | D:8      | Reached skill level 5 in Short Blades
  8979 | D:8      | Reached skill level 5 in Long Blades
  8979 | D:8      | Reached skill level 5 in Axes
  8979 | D:8      | Reached skill level 5 in Maces & Flails
  8979 | D:8      | Reached skill level 5 in Polearms
  8979 | D:8      | Reached skill level 5 in Staves
  8979 | D:8      | Reached skill level 5 in Slings
  8979 | D:8      | Reached skill level 5 in Bows
  8979 | D:8      | Reached skill level 5 in Crossbows
  8979 | D:8      | Reached skill level 5 in Throwing
  8979 | D:8      | Reached skill level 5 in Armour
  8979 | D:8      | Reached skill level 5 in Shields
  8979 | D:8      | Reached skill level 5 in Unarmed Combat
  8979 | D:8      | Reached skill level 5 in Evocations
  8979 | D:8      | Noticed Psyche
  8992 | D:8      | Killed Psyche
  9454 | D:8      | Got a steaming ruby amulet
  9455 | D:8      | Identified the amulet "Seusummo" {Spirit rElec Str+3
                  | Slay-5} (You found it on level 8 of the Dungeon)
  9599 | D:8      | Noticed Gastronok
  9604 | D:8      | Found a blossoming altar of Fedhas.
  9613 | D:8      | Killed Gastronok
  9942 | D:8      | Found Ball's Armour Shoppe.
 10059 | D:8      | Noticed Prince Ribbit
 10320 | D:8      | Noticed a centaur warrior
 10320 | D:8      | Noticed a seven-headed hydra
 10367 | D:8      | Killed a seven-headed hydra
 10610 | D:8      | Killed a centaur warrior
 10610 | D:8      | Reached XP level 11. HP: 50/81 MP: 8/22
 10965 | D:9      | Noticed a two-headed ogre
 10983 | D:9      | Killed a two-headed ogre
 10983 | D:9      | Reached skill level 5 in Conjurations
 10983 | D:9      | Reached skill level 5 in Hexes
 10983 | D:9      | Reached skill level 5 in Summonings
 10983 | D:9      | Reached skill level 5 in Necromancy
 10983 | D:9      | Reached skill level 5 in Translocations
 10983 | D:9      | Reached skill level 5 in Transmutations
 10983 | D:9      | Reached skill level 5 in Fire Magic
 10983 | D:9      | Reached skill level 5 in Air Magic
 10983 | D:9      | Reached skill level 5 in Earth Magic
 10983 | D:9      | Reached skill level 5 in Poison Magic
 11280 | D:9      | Reached **** piety under Sif Muna
 12173 | D:10     | Entered Level 10 of the Dungeon
 12207 | D:10     | Reached skill level 9 in Ice Magic
 12761 | D:11     | Noticed a cyclops
 12769 | D:11     | Killed a cyclops
 12920 | D:11     | Killed an unseen horror
 13304 | D:11     | Noticed a red ugly thing
 13325 | D:11     | Killed a red ugly thing
 14132 | D:11     | Found a staircase to the Lair.
 14143 | D:11     | Noticed a death yak
 14146 | D:11     | Noticed a death yak
 14148 | D:11     | Noticed a death yak
 14177 | D:11     | Found Dusir's Island Escapes.
 14180 | D:11     | Noticed Nergalle
 14502 | D:11     | Found a staircase to the Orcish Mines.
 14580 | D:11     | Killed Nergalle
 14580 | D:11     | Reached XP level 12. HP: 74/89 MP: 19/24
 14587 | D:11     | Killed Prince Ribbit
 14764 | D:11     | Killed a death yak
 14764 | D:11     | Reached ***** piety under Sif Muna
 14769 | D:11     | Killed a death yak
 14778 | D:11     | Killed a death yak
 15273 | D:11     | Bought a potion of invisibility for 136 gold pieces
 15273 | D:11     | Bought 2 potions of flight for 102 gold pieces
 15273 | D:11     | Bought a scroll of blinking for 127 gold pieces
 15273 | D:11     | Bought a potion of haste for 170 gold pieces
 15273 | D:11     | Bought 2 scrolls of teleportation for 102 gold pieces
 15403 | D:12     | Identified Sif Muna's Handbook of Conjuration and Lightness
                  | (Sif Muna gifted it to you on level 12 of the Dungeon)
 15403 | D:12     | Received a gift from Sif Muna
 15468 | D:12     | Noticed a boulder beetle
 15575 | D:12     | Found a runed translucent gate.
 15589 | D:12     | Demolished by a boulder beetle

Illustrated notes

Levels and vault maps discovered:
D:1:      beargit_arrival_greenhouse, layout_rooms, serial_bayou,
          serial_bayou_shore_a, serial_bayou_crossing, serial_bayou_shore_b,
          serial_bayou_lagoon_b
D:2:      layout_basic, chequers_serial_rivers_room_a
D:3:      layout_basic, chequers_ecumenical_altar_simple_redux, minivault_23,
          minmay_goblin_kobold_house
D:4:      layout_basic, minmay_temple_entry_gardened_gates,
          gammafunk_ghost_stat_death, serial_shops, nicolae_shop_stone
D:5:      layout_gridville, ebering_ghost_sewer_f
D:6:      layout_rooms, uniq_sigmund
D:7:      layout_rooms, elyvilon_altar_4, nicolae_ru_great_annihilating_truth,
          enter_bailey_8
D:8:      minmay_slanted_spiral_squares, layout_basic, lemuel_round_altar,
          eat_drink_and_be_merry_uskayaw, serial_shops, shop,
          uniq_prince_ribbit1, uniq_gastronok, uniq_grum, uniq_psyche
D:9:      cheibrodos_statue_roulette, layout_cave_pools
D:10:     layout_rooms, bh_circular_ruins
D:11:     layout_gridville, dpeg_lair_monsters, david_orc_4, special_room
          [special_room_orc], nicolae_island_escapes, uniq_nergalle
D:12:     layout_rooms, maelrawn_ghost_gauntlet_escape
Temple:   eino_narrow_crystal_temple

Skill      XL: |  1  2  3  4  5  6  7  8  9 10 11 12 |
---------------+-------------------------------------+-----
Spellcasting   | 5 6 7 8 |  8.7
Invocations    | 1 2 3 4 5 6 7 |  7.7
Fighting       | 1 2 3 4 5 6 7 |  7.0
Short Blades   | 1 2 3 4 5 6 7 |  7.0
Long Blades    | 1 2 3 4 5 6 7 |  7.0
Axes           | 1 2 3 4 5 6 7 |  7.0
Maces & Flails | 1 2 3 4 5 6 7 |  7.0
Polearms       | 1 2 3 4 5 6 7 |  7.0
Staves         | 1 2 3 4 5 6 7 |  7.0
Slings         | 1 2 3 4 5 6 7 |  7.0
Bows           | 1 2 3 4 5 6 7 |  7.0
Crossbows      | 1 2 3 4 5 6 7 |  7.0
Throwing       | 1 2 3 4 5 6 7 |  7.0
Armour         | 1 2 3 4 5 6 7 |  7.0
Shields        | 1 2 3 4 5 6 7 |  7.0
Unarmed Combat | 1 2 3 4 5 6 7 |  7.0
Evocations     | 1 2 3 4 5 6 7 |  7.0
Conjurations   | 1 2 3 4 5 |  5.8
Hexes          | 1 2 3 4 5 |  5.8
Summonings     | 1 2 3 4 5 |  5.8
Necromancy     | 1 2 3 4 5 |  5.8
Translocations | 1 2 3 4 5 |  5.8
Transmutations | 1 2 3 4 5 |  5.8
Fire Magic     | 1 2 3 4 5 |  5.8
Air Magic      | 1 2 3 4 5 |  5.8
Earth Magic    | 1 2 3 4 5 |  5.8
Poison Magic   | 1 2 3 4 5 |  5.8
Dodging        | 5 6 7 8 |  8.5
Stealth        | 5 6 7 8 |  8.3
Ice Magic      | 8 9 |  9.3

Action                   |  1- 3 |  4- 6 |  7- 9 | 10-12 || total
-------------------------+-------+-------+-------+-------++-------
Melee: Dagger            |    53 |     8 |    76 |       ||   137
       Bite              |     7 |       |    17 |    34 ||    58
       Punch             |     1 |       |       |    10 ||    11
       Glaive            |       |       |    43 |       ||    43
       Mace              |       |       |    32 |   227 ||   259
       Halberd           |       |       |    13 |       ||    13
 Fire: Hunting sling     |    54 |   185 |    54 |       ||   293
 Cast: Freeze            |    15 |     5 |     3 |    16 ||    39
       Frozen Ramparts   |     4 |     6 |    60 |    61 ||   131
       Summon Ice Beast  |       |       |    18 |    95 ||   113
       Hailstorm         |       |       |     8 |     9 ||    17
Invok: Channel Magic     |       |       |     3 |     8 ||    11
 Abil: Evoke Flight      |       |       |       |     1 ||     1
Evoke: Wand              |       |       |       |     3 ||     3
       Phantom mirror    |       |       |       |     1 ||     1
  Use: Scroll            |       |    10 |     7 |     7 ||    24
       Potion            |       |       |     1 |     4 ||     5
 Stab: Sleeping          |     3 |       |     2 |     5 ||    10
       Distracted        |       |       |     4 |     6 ||    10
       Paralysed         |       |       |     1 |       ||     1
Armor: Robe              |    25 |    18 |     8 |       ||    51
       Leather armour    |       |       |    22 |       ||    22
       Ring mail         |       |       |    32 |    83 ||   115
Dodge: Dodged            |    64 |   104 |   202 |   228 ||   598

Table legend: (Time is in decaauts)
 A = Elapsed time spent in this place.
 B = Non-inter-level travel time spent in this place.
 C = Inter-level travel time spent in this place.
 D = Time resting spent in this place.
 E = Time spent auto-exploring this place.
 F = Levels seen in this place.
 G = Mean time per level.
                   A        B        C        D        E       F      G
               +--------+--------+--------+--------+--------+-----+--------+
         Total |  15604 |  15193 |    411 |   1648 |  10338 |  14 | 1114.6 |
       Dungeon |  14132 |  13737 |    395 |   1255 |   9606 |  12 | 1177.7 |
        Temple |     55 |     40 |     15 |      0 |     32 |   1 |   55.0 |
        Bailey |   1416 |   1416 |      0 |    393 |    700 |   1 | 1416.0 |
               +--------+--------+--------+--------+--------+-----+--------+

Top non-repeatable levels by time:
    D:11: 2506 daAuts
     D:8: 2073 daAuts
  Bailey: 1416 daAuts
     D:9: 1256 daAuts
     D:6: 1219 daAuts
     D:5: 1213 daAuts
     D:1: 1156 daAuts
     D:3: 1147 daAuts
     D:7: 911 daAuts
     D:2: 894 daAuts
     D:4: 876 daAuts
    D:10: 581 daAuts
    D:12: 296 daAuts
  Temple: 55 daAuts
